 Dungeon Crawl Stone Soup version 0.18.1-48-g4cf74bf (webtiles) character file.

85 Aun the Chopper (level 4, -2/41 HPs)
             Began as a Hill Orc Berserker on Aug 5, 2016.
             Was a Believer of Trog.
             Slain by Sigmund
             ... wielding a +0 scythe
              (5 damage)
             ... on level 2 of the Dungeon.
             The game lasted 00:11:35 (1546 turns).

Aun the Chopper (Hill Orc Berserker)                Turns: 1546, Time: 00:11:35

Health: -2/41      AC:  8    Str: 20    XL:     4   Next: 48%
Magic:  4/4        EV:  3    Int:  7    God:    Trog [**....]
Gold:   42         SH:  0    Dex: 10    Spells: 0 memorised, 3 levels left

rFire  . . .     SeeInvis .     a - +1 hand axe
rCold  . . .     Gourm    .     e - +0 chain mail
rNeg   + . .     Faith    .     (no shield)
rPois  .         Spirit   .     (no helmet)
rElec  .         Dismiss  .     (no cloak)
rCorr  .         Reflect  .     (no gloves)
SustAt .         Harm     .     (no boots)
MR     .....                    (no amulet)
Stlth  ..........               (no ring)
                                d - ring of positive energy

@: not resistant to hostile enchantments, extremely unstealthy
A: no striking features
a: Berserk, Trog's Hand, Burn Spellbooks, Renounce Religion


You were on level 2 of the Dungeon.
You worshipped Trog.
Trog was pleased with you.
You were not hungry.

You visited 1 branch of the dungeon, and saw 2 of its levels.

You collected 42 gold pieces.

Inventory:

Hand Weapons
 a - a +1 hand axe (weapon)
Missiles
 b - 25 bolts
Armour
 e - a +0 chain mail (worn)
Jewellery
 d - a ring of positive energy (left hand)
Scrolls
 g - 2 scrolls of identify
Potions
 h - a potion of resistance {unknown}
 i - 2 potions of agility {unknown}
Comestibles
 c - a bread ration
 f - 2 chunks of flesh


   Skills:
 + Level 4.8 Fighting
 + Level 5.0 Axes
 + Level 2.5 Armour
 + Level 2.1 Dodging


You had 3 spell levels left.
You didn't know any spells.

Dungeon Overview and Level Annotations

Branches:
Dungeon (2/15)

Altars:
Elyvilon
Okawaru

Annotations:
D:2 Sigmund


Message History

You hear some strange, mumbled words.
You are confused.
The dart slug launches a dart at you. The slug dart hits you!
* * * LOW HITPOINT WARNING * * *
Something hits you but does no damage. The dart slug bites you.
* * * LOW HITPOINT WARNING * * *
You're too confused!
You're too confused!
The dart slug misses you.
You slash the dart slug!
You kill the dart slug!
Trog accepts your kill.
You feel less confused. Sigmund asks, "Do you like me?"
There is a stone staircase leading down here.
You can't go up here!
Sigmund hits you from afar with a scythe.
You die...

...#####.###..8._.8.##
###..#
...............8.8...# #..#
...###..........8....##
#...
.#...#....)..).(.[....###
#.#.
####.#........####......###
#.## # #...##...####
###......## #.# #
##.####.....# ##..##..# #.#
#..##
#.....######..###.###.#
##...# ####.@.@....#.#
#...#.## ##..#.#
############ ###....#
##..##.# #....>.. .(.###.#
#....... ######.####
#......< #####.....#
#P......... ......#...#
#P.........# #########.#
#.PP......$.# #.#
.#..........#


You could see Sigmund.

Vanquished Creatures
  Ijyb (D:2)
  2 adders (D:2)
  A dart slug (D:2)
  A giant gecko (D:2)
  A ball python (D:2)
  2 giant cockroaches
  4 goblins
  8 hobgoblins
  2 jackals (D:2)
  4 bats (D:1)
  A giant newt (D:1)
  4 kobolds
  7 rats
38 creatures vanquished.

Notes
Turn   | Place    | Note
--------------------------------------------------------------
     0 | D:1      | Aun the Hill Orc Berserker began the quest for the Orb.
     0 | D:1      | Reached XP level 1. HP: 19/19 MP: 1/1
   100 | D:1      | Reached XP level 2. HP: 21/27 MP: 2/2
   879 | D:2      | Reached XP level 3. HP: 31/34 MP: 3/3
   949 | D:2      | Found a faded altar to an unknown god.
   953 | D:2      | Noticed Ijyb
   968 | D:2      | Killed Ijyb
   968 | D:2      | Reached skill level 5 in Axes
   986 | D:2      | Reached ** piety under Trog
  1036 | D:2      | Reached XP level 4. HP: 34/41 MP: 4/4
  1216 | D:2      | Found an iron altar of Okawaru.
  1440 | D:2      | Noticed Sigmund
  1467 | D:2      | Found a white marble altar of Elyvilon.
  1538 | D:2      | HP: 2/41 [dart slug (1)]
  1546 | D:2      | Slain by Sigmund

Skill      XL: |  1  2  3  4 |
---------------+-------------+-----
Fighting       | 4 |  4.8
Axes           | 5 |  5.0
Dodging        | 2 |  2.1
Armour         | |  2.5

Action                   |  1- 3 |  4- 6 || total
-------------------------+-------+-------++-------
Melee: Hand axe          |    71 |    49 ||   120
Invok: Berserk           |     1 |       ||     1
  Use: Scroll            |     3 |       ||     3
  Eat: Chunk             |     2 |     1 ||     3
Armor: Animal skin       |     6 |       ||     6
       Leather armour    |    10 |     1 ||    11
       Chain mail        |       |    25 ||    25
       Scale mail        |       |     6 ||     6
Dodge: Dodged            |    34 |    20 ||    54
